 Dungeon Crawl Stone Soup version 0.31-a0-1278-g11c5b68f87 (webtiles) character file.

Game seed: 11103988898900155561

79 gelatine the Ruffian (level 4, 0/28 HPs)
             Began as an Octopode Shapeshifter on Dec 18, 2023.
             Killed from afar by an orc wizard (10 damage)
             ... with a puff of flame
             ... on level 2 of the Dungeon.
             The game lasted 00:04:47 (1620 turns).

gelatine the Ruffian (Octopode Shapeshifter)        Turns: 1620, Time: 00:04:48

Health: 0/28       AC:  1    Str: 15    XL:     4   Next: 37%
Magic:  1/1        EV: 13    Int: 12    God:
Gold:   70         SH:  4    Dex: 14    Spells: 3/3 levels left

rFire   . . .        h - +4 war axe "Cuwurr" {antimagic, Dex+3}
rCold   . . .        k - +0 buckler
rNeg    . . .        (helmet currently unavailable)
rPois   .            (no amulet)
rElec   .            (no ring)
rCorr   .            (no ring)
SInv    .            (no ring)
Will    .....        (no ring)
Stlth   +++          (no ring)
HPRegen 0.24/turn    (no ring)
MPRegen 0.07/turn    (no ring)
                     (no ring)

%: no passive effects
@: beast-form
A: beast (slay +2), almost no armour, amphibious, 8 rings, camouflage 1,
gelatinous body 1, (nimble swimmer 1), tentacles
a: Begin Untransformation


You were on level 2 of the Dungeon.
You were a hulking beast.
You visited 1 branch of the dungeon, and saw 3 of its levels.

You collected 70 gold pieces.

Inventory:

Hand Weapons
 d - a +0 hand axe
 h - the +4 war axe "Cuwurr" (weapon) {antimagic, Dex+3}
   (You took it off a kobold on level 2 of the Dungeon)

   Dex+3:     It affects your dexterity (+3).
Missiles
 m - 5 javelins
Armour
 k - a +0 buckler (worn)
Talismans
 b - a beast talisman
 c - a flux talisman
Scrolls
 e - a scroll of immolation {unknown}
 i - a scroll of revelation {unknown}
 j - a scroll of fog {unknown}
Potions
 a - 2 potions of lignification
 f - a potion of ambrosia {unknown}
 g - a potion of attraction {unknown}
 l - a potion of haste {unknown}


   Skills:
 * Level 1.3 Fighting
 * Level 0.6 Axes
 * Level 2.2 Dodging
 * Level 1.7 Stealth
 + Level 3.8 Unarmed Combat
 + Level 0.3 Spellcasting
 * Level 3.5 Shapeshifting


You had 3 spell levels left.
You didn't know any spells.
Your spell library was empty.

Dungeon Overview and Level Annotations

Branches:
Dungeon (3/15)

Altars:

Shops:
D:2 !


Innate Abilities, Weirdness & Mutations

You are a hulking beast.
Your limbs bulge with bestial killing power. (Slay +2)
You cannot wear most types of armour.
You are amphibious.
You can wear up to eight rings at the same time.
Your skin changes colour to match your surroundings (Stealth+).
Your rubbery body absorbs attacks. (AC +1, EV +1)
((You are camouflaged when in or above water. (Stealth+)))
You have tentacles for arms and can constrict up to eight enemies at once.


Message History

There is an open door here.
Things that are here:
a +0 club; a +0 robe
There is a stone staircase leading down here.
You climb downwards.
Found a stone staircase leading up and a stone staircase leading down.
There is a stone staircase leading up here.
The helpless quokka fails to defend itself.
You slash the quokka!
You kill the quokka!
An orc wizard and an orc come into view.
A hobgoblin comes into view.
The orc wizard shouts!
The orc shouts! x2; You hear an angry hiss.
An orc comes into view. It is wielding a +0 club.
You hear a shout!
The orc wizard casts a spell at you. The magic dart hits you!
An orc comes into view. It is wielding a +0 short sword.
The orc throws a boomerang.
The boomerang hits you but does no damage.
The hobgoblin shouts!
You hear a shout! x2; You hear a loud squeak.
You hear a shout!
A ball python comes into view.
A frilled lizard comes into view.
The ball python moves out of view.
The orc attacks as it pursues you! The orc hits you with a +0 flail.
There is a stone staircase leading up, spattered with blood here.
You closely miss the orc. You grab the orc.
You constrict the orc, but do no damage.
The orc closely misses you.
The orc wizard gestures at you while chanting.
The puff of flame hits you!
You release your grip on the orc.
You block the orc's attack.
You climb upwards.
There is a stone staircase leading down here.
Unknown command.
You completely miss the orc wizard. Your grab misses the orc wizard.
You hit the orc. The orc hits you with a +0 flail.
The orc wizard casts a spell at you. The puff of flame hits you!
You die...

#####.....####.#
.)...........#.#
###########..#.# .#
##...# .# #...## .#
#....####### .#
#.#........#
.###########.#.#.####.#
.'.............oho..#.#
.###########[#.#.##.#.###
## #.....#.#.#......# #
#.#####.#.#..#.#.# # #.#
#.#.####.#.# #.#
#.#......#.# #<#
#.########.##### #.#
#.#.^......>...# #.#
#.#.###..#.###.#


You could see an orc wizard and an orc.

Vanquished Creatures
  Jessica (D:2)
  A dart slug (D:1)
  8 endoplasms
  A giant cockroach (D:2)
  4 goblins (D:1)
  5 hobgoblins
  3 jackals (D:2)
  3 quokkas
  6 ball pythons
  3 bats
  2 frilled lizards (D:2)
  3 kobolds
  4 rats (D:2)
44 creatures vanquished.

Notes
Turn   | Place    | Note
-------+----------+-------------------------------------------
     0 | D:1      | gelatine the Octopode Shapeshifter began the quest for the
                  | Orb.
     0 | D:1      | Reached XP level 1. HP: 13/13 MP: 1/1
   134 | D:1      | Reached XP level 2. HP: 18/18 MP: 2/2
   419 | D:1      | Reached XP level 3. HP: 20/23 MP: 3/3
   875 | D:2      | Found Ephar's Distillery.
  1004 | D:2      | Identified the +4 war axe "Cuwurr" {antimagic, Dex+3}
  1059 | D:2      | Reached skill level 1 in Stealth
  1126 | D:2      | Noticed Jessica
  1140 | D:2      | Killed Jessica
  1141 | D:2      | Reached XP level 4. HP: 14/28 MP: 1/4
  1620 | D:2      | Killed from afar by an orc wizard

Illustrated notes

Levels and vault maps discovered:
D:1:      scummos_arrival_checkerplants, layout_basic
D:2:      layout_basic, serial_shops, shop, uniq_jessica
D:3:      layout_rooms, grunt_gozag_breadcrumbs

Skill      XL: |  1  2  3 |
---------------+----------+-----
Stealth        | 1 |  1.7
Fighting       | |  1.3
Axes           | |  0.6
Dodging        | |  2.2
Unarmed Combat | |  3.8
Spellcasting   | |  0.3
Shapeshifting  | |  3.5

Action                     |  1- 3 |  4- 6 || total
---------------------------+-------+-------++-------
  Melee: Unarmed           |    50 |       ||    50
         Constrict         |    12 |     3 ||    15
         Tentacles         |    12 |     1 ||    13
         Punch             |     1 |       ||     1
         War axe           |    12 |     7 ||    19
   Stab: Sleeping          |     6 |     2 ||     8
 Armour: Skin              |    24 |     6 ||    30
  Dodge: Dodged            |    28 |     3 ||    31
  Block: Buckler           |       |     1 ||     1

Table legend: (Time is in decaauts)
 A = Elapsed time spent in this place.
 B = Non-inter-level travel time spent in this place.
 C = Inter-level travel time spent in this place.
 D = Time resting spent in this place.
 E = Time spent auto-exploring this place.
 F = Levels seen in this place.
 G = Mean time per level.
                   A        B        C        D        E       F      G
               +--------+--------+--------+--------+--------+-----+--------+
         Total |   1625 |   1582 |     43 |      0 |   1241 |   3 |  541.7 |
       Dungeon |   1625 |   1582 |     43 |      0 |   1241 |   3 |  541.7 |
               +--------+--------+--------+--------+--------+-----+--------+

Top non-repeatable levels by time:
     D:2: 842 daAuts
     D:1: 771 daAuts
     D:3: 10 daAuts
